 Dungeon Crawl Stone Soup version 0.25.1-8-g42b30a86e7 (webtiles) character file.

Game seed: 11252656131789470717

3033 DearestLeader the Cleaver (level 9, -2/71 HPs)
             Began as a Minotaur Fighter on Dec 3, 2020.
             Was a Priest of Okawaru.
             Slain by a five-headed hydra (7 damage)
             ... on level 8 of the Dungeon.
             The game lasted 00:11:57 (7689 turns).

DearestLeader the Cleaver (Minotaur Fighter)        Turns: 7689, Time: 00:11:57

Health: -2/71      AC: 17    Str: 24    XL:     9   Next: 56%
Magic:  9/11       EV:  8    Int:  5    God:    Okawaru [***...]
Gold:   377        SH: 12    Dex: 10    Spells: 8/8 levels left

rFire    . . .     SeeInvis .   w - +2 hand axe (vorpal)
rCold    . . .     Gourm    .   c - +0 kite shield
rNeg     . . .     Faith    .   G - +0 plate armour
rPois    .         Spirit   .   (helmet restricted)
rElec    .         Reflect  .   z - +0 cloak
rCorr    +         Harm     .   (no gloves)
MR       .....                  t - +0 pair of boots
Stlth    ..........             (no amulet)
HPRegen  0.21/turn              y - ring of stealth
MPRegen  0.12/turn              r - ring of resist corrosion

@: about to teleport, heroism
A: retaliatory headbutt, horns 2
a: Heroism, Renounce Religion


You were on level 8 of the Dungeon.
You worshipped Okawaru.
Okawaru was most pleased with you.
You were not hungry.

You visited 2 branches of the dungeon, and saw 9 of its levels.

You collected 472 gold pieces.
You spent 95 gold pieces at shops.

Inventory:

Hand Weapons
 a - a +0 war axe
 h - a +0 hunting sling
 w - a +2 vorpal hand axe (weapon)
Armour
 c - a +0 kite shield (worn)
 t - a +0 pair of boots (worn)
 z - a +0 cloak (worn)
 G - a +0 plate armour (worn)
Jewellery
 r - a ring of resist corrosion (right hand)
 y - a ring of stealth (left hand)
 B - an uncursed ring of flight
Wands
 A - a wand of flame (17)
 D - a wand of polymorph (8)
Scrolls
 e - 3 scrolls of remove curse
 g - a scroll of noise {unknown}
 l - 2 scrolls of fear {unknown}
 n - a scroll of enchant armour {unknown}
 o - 3 scrolls of amnesia
 u - a scroll of magic mapping
 v - 7 scrolls of teleportation
 C - 2 scrolls of identify
 E - a scroll of blinking {unknown}
Potions
 b - a potion of ambrosia {unknown}
 d - a potion of might
 i - 5 potions of stabbing
 j - 3 potions of heal wounds
 k - a potion of haste
 m - 3 potions of curing
 p - 3 potions of brilliance {unknown}
 q - a potion of magic {unknown}
 s - a potion of degeneration {unknown}
 x - 4 potions of lignification
Comestibles
 f - 20 rations
 F - 7 chunks of flesh


   Skills:
 - Level 4.0(9.0) Fighting
 * Level 13.3(18.3) Axes
 + Level 5.7(10.7) Armour
 + Level 0.0(5.0) Dodging
 + Level 5.8(10.8) Shields
 + Level 4.0 Invocations


You had 8 spell levels left.
You didn't know any spells.
Your spell library was empty.

Dungeon Overview and Level Annotations

Branches:
Dungeon (8/15)             Temple (1/1) D:4
   Lair: D:8-11

Altars:
Dithmenos
Fedhas
Hepliaklqana
Kikubaaqudgha
Makhleb
Nemelex Xobeh
Okawaru
Qazlal
Ru
Sif Muna
Trog
Uskayaw
Wu Jian
Xom
Yredelemnul
Zin
The Shining One

Shops:
D:7 ?   D:8 *


Innate Abilities, Weirdness & Mutations

You reflexively headbutt those who attack you in melee.
You have a pair of horns on your head.


Message History

You block the five-headed hydra's attack.
The five-headed hydra bites you but does no damage.
You block the five-headed hydra's attack.
The five-headed hydra bites you!
* * * LOW HITPOINT WARNING * * *
The five-headed hydra closely misses you.
You completely miss the five-headed hydra.
The five-headed hydra is lightly wounded.
The five-headed hydra bites you but does no damage.
The five-headed hydra barely misses you. x2
The five-headed hydra bites you!
* * * LOW HITPOINT WARNING * * *
The five-headed hydra bites you but does no damage.
As you read the scroll of teleportation, it crumbles to dust.
You feel strangely unstable. The five-headed hydra bites you.
* * * LOW HITPOINT WARNING * * *
You block the five-headed hydra's attack.
The five-headed hydra barely misses you.
The five-headed hydra bites you!
You die...

#.......#...........
####.........######.
#....#....#......
#....#....#.####.
#....##...#.#....
#....###..#.#.##.
#....# ##.#.#.#..
##############......._
#....@DK.#.....#.#.#..
#.....#.)#####.#.#.##.
##'''###+# #.#.#....
#.....P≈.# #.#.####.
#.....≈≈P# #.#..
#..P..P≈≈#####.######
#......≈P#........)...
#.≈)≈.≈PP#.###########
####)#####.#


You could see a five-headed hydra and a big kobold.

Vanquished Creatures
  Grinder (D:3)
  2 dream sheep (D:8)
  2 yaks (D:8)
  A hungry ghost (D:7)
  An orc warrior (D:8)
  An ice beast (D:7)
  A necrophage (D:7)
  6 ogres
  A centaur (D:3)
  3 big kobolds (D:8)
  A bullfrog (D:6)
  A scorpion (D:7)
  3 wights (D:7)
  3 crimson imps
  A quasit (D:5)
  2 bullfrog zombies (D:7)
  3 orc wizards
  Terence (D:2)
  An iguana (D:8)
  9 worker ants
  A killer bee zombie (D:6)
  Robin (D:3)
  3 gnolls (D:3)
  A howler monkey skeleton (D:7)
  An adder (D:2)
  2 shadow imps
  A worm (D:5)
  9 leopard geckos
  10 orcs
  3 giant cockroaches
  12 goblins
  7 hobgoblins
  7 jackals
  3 quokkas
  A ball python (D:3)
  4 bats
  6 frilled lizards
  2 jackal skeletons
  18 kobolds
  2 quokka skeletons (D:4)
  9 rats
147 creatures vanquished.

Vanquished Creatures (others)
  8 plants (D:3)
8 creatures vanquished.

Grand Total: 155 creatures vanquished

Notes
Turn   | Place    | Note
-------+----------+-------------------------------------------
     0 | D:1      | DearestLeader the Minotaur Fighter began the quest for the
                  | Orb.
     0 | D:1      | Reached XP level 1. HP: 19/19 MP: 0/0
   104 | D:1      | Reached skill level 3 in Axes
   104 | D:1      | Reached XP level 2. HP: 22/26 MP: 1/1
  1101 | D:1      | Reached XP level 3. HP: 31/31 MP: 2/2
  1262 | D:2      | Reached skill level 4 in Axes
  1481 | D:2      | Noticed Terence
  1493 | D:2      | Killed Terence
  1493 | D:2      | Reached XP level 4. HP: 30/39 MP: 3/3
  1907 | D:2      | Reached skill level 5 in Axes
  2333 | D:3      | Noticed Robin
  2342 | D:3      | Killed Robin
  2524 | D:3      | Noticed a centaur
  2531 | D:3      | Reached XP level 5. HP: 36/45 MP: 4/4
  2650 | D:3      | Reached skill level 6 in Axes
  2697 | D:3      | Noticed Grinder
  2708 | D:3      | Paralysed by Grinder for 5 turns
  2727 | D:3      | Paralysed by Grinder for 4 turns
  2895 | D:3      | You fall into a shaft and drop 1 floor!
  2914 | D:4      | Reached skill level 7 in Axes
  2929 | D:4      | Found an ancient bone altar of Kikubaaqudgha.
  3175 | D:3      | Paralysed by Grinder for 2 turns
  3376 | D:3      | Killed a centaur
  3376 | D:3      | Reached XP level 6. HP: 45/51 MP: 5/5
  3508 | D:3      | Killed Grinder
  3508 | D:3      | Reached skill level 8 in Axes
  3508 | D:3      | Reached XP level 7. HP: 48/57 MP: 6/6
  3659 | D:4      | You fall into a shaft and drop 2 floors!
  3670 | D:6      | Reached skill level 9 in Axes
  3875 | D:5      | Entered Level 5 of the Dungeon
  4607 | D:5      | Reached skill level 10 in Axes
  5354 | D:4      | Found a staircase to the Ecumenical Temple.
  5374 | Temple   | Entered the Ecumenical Temple
  5439 | Temple   | Became a worshipper of Warmaster Okawaru
  5522 | D:4      | Found a glowing golden altar of the Shining One.
  5523 | D:4      | Found an ornate altar of the Wu Jian Council.
  5597 | D:4      | Found a bloodstained altar of Trog.
  5961 | D:6      | Reached XP level 8. HP: 61/66 MP: 7/7
  6159 | D:6      | Reached skill level 11 in Axes
  6341 | D:7      | Reached * piety under Okawaru
  6480 | D:7      | Reached skill level 1 in Invocations
  6668 | D:7      | Reached skill level 12 in Axes
  6775 | D:7      | Reached ** piety under Okawaru
  7010 | D:7      | Found Nadamuu's Magic Scroll Boutique.
  7018 | D:7      | Bought a scroll of teleportation for 30 gold pieces
  7018 | D:7      | Bought a scroll of magic mapping for 35 gold pieces
  7018 | D:7      | Bought a scroll of teleportation for 30 gold pieces
  7044 | D:8      | Found Huihytexa's General Store.
  7072 | D:8      | Reached XP level 9. HP: 71/71 MP: 10/10
  7327 | D:8      | Reached skill level 5 in Shields
  7556 | D:8      | Found a sacrificial altar of Ru.
  7596 | D:8      | Reached skill level 5 in Armour
  7607 | D:8      | Reached skill level 13 in Axes
  7614 | D:8      | Reached *** piety under Okawaru
  7680 | D:8      | Noticed a two-headed hydra
  7689 | D:8      | Slain by a five-headed hydra

Illustrated notes

Levels and vault maps discovered:
D:1:      mrwooster_arrival_arrow, layout_basic
D:2:      layout_basic, uniq_terence
D:3:      layout_loops_ring, serial_bayou, serial_bayou_pond_a,
          serial_bayou_pond_e, serial_bayou_pond_e, serial_bayou_lagoon_a,
          first_ration, uniq_robin, uniq_grinder
D:4:      layout_loops_ring, kennysheep_mini_moat,
          gammafunk_temple_overflow_pools, kiku_gazebo_garden_becter,
          minmay_temple_entry_gardened_gates
D:5:      layout_basic
D:6:      layout_rooms
D:7:      layout_rooms, serial_shops, shop
D:8:      layout_rooms, nicolae_ru_sacrificial_ziggurat, serial_shops, shop,
          hangedman_ranch [blue_anna_fruit_fields]
Temple:   eino_temple_rhombus

Skill      XL: |  1  2  3  4  5  6  7  8  9 |
---------------+----------------------------+-----
Axes           | 3 4 5 7 8 10 12 13 | 13.3
Armour         | 4 5 |  5.7
Shields        | 4 5 |  5.8
Fighting       | 4 |  4.0
Invocations    | 2 4 |  4.0

Action                   |  1- 3 |  4- 6 |  7- 9 || total
-------------------------+-------+-------+-------++-------
Melee: War axe           |    68 |   111 |       ||   179
       Headbutt          |     8 |    13 |    48 ||    69
       Hand axe          |       |    17 |   266 ||   283
Invok: Heroism           |       |       |     1 ||     1
  Use: Scroll            |       |     3 |     6 ||     9
  Eat: Chunk             |     2 |     6 |    11 ||    19
       Ration            |       |       |     1 ||     1
Armor: Scale mail        |    28 |       |       ||    28
       Chain mail        |       |    53 |    68 ||   121
       Plate armour      |       |       |    15 ||    15
Dodge: Dodged            |    27 |    28 |    44 ||    99
Block: Kite shield       |    33 |    63 |    99 ||   195
